HSSL
OCEANSIDE HS PIRATES @ BROOKLINE HS WARRIORS
05/12/2029
 
TOP OF THE 1ST
Oceanside HS Pirates batting - Pitching for Brookline HS Warriors : RHP Emílio Cruz
Pitching: RHP Emílio Cruz
Batting: LHB Otis Campbell 0-0: Ball
1-0: Ball
2-0: Ball
3-0: Called Strike
3-1: Base on Balls
Batting: RHB Charles Collins 0-0: Ball
1-0: Called Strike
1-1: Ball
2-1: SINGLE (Groundball, 56D)
Otis Campbell to second
Batting: LHB Dylan Savill 0-0: Ball
1-0: SINGLE (Line Drive, 6D)
Otis Campbell to third
Charles Collins to second
Runner from 3rd tries for Home, SAFE, throw made home
Batting: RHB Tom Hanson 0-0: Called Strike
0-1: Foul Ball, location: 2F
0-2: Foul Ball, location: 2F
0-2: Ball
1-2: Fly out, F9 (Flyball, 9LM)
Batting: RHB Heath Jones 0-0: Called Strike
0-1: Grounds into double play, 5-4-3 (Groundball, 56)
Top of the 1st over - 1 run, 2 hits, 0 errors, 1 left on base; Oceanside HS 1 - Brookline HS 0
BOTTOM OF THE 1ST
Brookline HS Warriors batting - Pitching for Oceanside HS Pirates : RHP Ernest Payne
Pitching: RHP Ernest Payne
Batting: RHB Gilbert Bentley 0-0: Foul Ball, location: 2F
0-1: Ball
1-1: Ball
2-1: Ball
3-1: Foul Ball, location: 2F
3-2: Fly out, F3 (Popup, 34)
Batting: RHB Travis Kramer 0-0: Foul Ball, location: 2F
0-1: Ball
1-1: Ball
2-1: Foul Ball, location: 2F
2-2: Ball
3-2: Ground out 6-3 (Groundball, 6M)
Batting: RHB Raúl Rivera 0-0: Ground out 1-3 (Groundball, 13S)
Bottom of the 1st over - 0 runs, 0 hits, 0 errors, 0 left on base; Oceanside HS 1 - Brookline HS 0
TOP OF THE 2ND
Oceanside HS Pirates batting - Pitching for Brookline HS Warriors : RHP Emílio Cruz
Batting: RHB Shawn Mendoza 0-0: Called Strike
0-1: Foul Ball, location: 2F
0-2: Fly out, F4 (Flyball, 4MD)
Batting: RHB Vincent Lowe 0-0: Called Strike
0-1: Ball
1-1: Ball
2-1: Ball
3-1: Foul Ball, location: 2F
3-2: Foul Ball, location: 2F
3-2: Base on Balls
Batting: RHB Ben Williams 0-0: Called Strike
0-1: Swinging Strike
0-2: Strikes out swinging
Batting: LHB Tomás Balerio 0-0: Ball
Vincent Lowe steals 2nd base
1-0: Foul Ball, location: 2F
1-1: Ball
2-1: Foul Ball, location: 2F
2-2: Fly out, F3 (Line Drive, 3)
Top of the 2nd over - 0 runs, 0 hits, 0 errors, 1 left on base; Oceanside HS 1 - Brookline HS 0
BOTTOM OF THE 2ND
Brookline HS Warriors batting - Pitching for Oceanside HS Pirates : RHP Ernest Payne
Batting: RHB Ed Vega 0-0: Ball
1-0: Fly out, F8 (Line Drive, 8LM)
Batting: RHB John Warren 0-0: Called Strike
0-1: Swinging Strike
0-2: Ball
1-2: Foul Ball, location: 2F
1-2: Ball
2-2: Foul Ball, location: 2F
2-2: Strikes out looking
Batting: RHB León Colón 0-0: Called Strike
0-1: Foul Ball, location: 2F
0-2: Ball
1-2: SOLO HOME RUN (Flyball, 89XD), Distance : 429 ft
Batting: LHB Lou Robinson 0-0: Called Strike
0-1: Called Strike
0-2: Strikes out swinging
Bottom of the 2nd over - 1 run, 1 hit, 0 errors, 0 left on base; Oceanside HS 1 - Brookline HS 1
TOP OF THE 3RD
Oceanside HS Pirates batting - Pitching for Brookline HS Warriors : RHP Emílio Cruz
Batting: LHB Otis Campbell 0-0: Foul Ball, location: 2F
0-1: SINGLE (Line Drive, 6)
Batting: RHB Charles Collins 0-0: Ball
1-0: Called Strike
1-1: Ball
2-1: Ball
3-1: Foul Ball, location: 2F
3-2: SINGLE (Line Drive, 56D)
Otis Campbell to second
Otis Campbell to third
Batting: LHB Dylan Savill 0-0: Called Strike
0-1: Ball
1-1: Ball
2-1: Ball
3-1: Fielders Choice at 2nd, 6-4 (Groundball, 6)
Otis Campbell scores
Batting: RHB Tom Hanson 0-0: Ball
1-0: Foul Ball, location: 2F
1-1: Ball
2-1: SINGLE (Groundball, 34D)
Dylan Savill to second
Runner from 2nd tries for 3rd, SAFE, no throw
Batting: RHB Heath Jones 0-0: Called Strike
0-1: Foul Ball, location: 2F
0-2: Fly out, F7 (Flyball, 7)
Runner from 3rd tags up, SCORES, throw made
Batting: RHB Shawn Mendoza 0-0: Called Strike
0-1: Foul Ball, location: 2F
0-2: Ball
1-2: Strikes out swinging
Top of the 3rd over - 2 runs, 3 hits, 0 errors, 1 left on base; Oceanside HS 3 - Brookline HS 1
BOTTOM OF THE 3RD
Brookline HS Warriors batting - Pitching for Oceanside HS Pirates : RHP Ernest Payne
Batting: RHB Michael Mossman 0-0: Called Strike
0-1: Called Strike
0-2: Strikes out swinging
Batting: RHB Cole Gray 0-0: Called Strike
0-1: Ball
1-1: Called Strike
1-2: Ball
2-2: Ball
3-2: Strikes out swinging
Batting: RHB Gilbert Bentley 0-0: Ball
1-0: Foul Ball, location: 2F
1-1: Ball
2-1: Foul Ball, location: 2F
2-2: Foul Ball, location: 2F
2-2: Strikes out looking
Bottom of the 3rd over - 0 runs, 0 hits, 0 errors, 0 left on base; Oceanside HS 3 - Brookline HS 1
TOP OF THE 4TH
Oceanside HS Pirates batting - Pitching for Brookline HS Warriors : RHP Emílio Cruz
Batting: RHB Vincent Lowe 0-0: Called Strike
0-1: SINGLE (Groundball, 56D)
Batting: RHB Ben Williams 0-0: Called Strike
Vincent Lowe is caught stealing 2nd base
0-1: Ball
1-1: Ball
2-1: Ground out 4-3 (Groundball, 4M)
Batting: LHB Tomás Balerio 0-0: Ball
1-0: Swinging Strike
1-1: Foul Ball, location: 2F
1-2: Foul Ball, location: 2F
1-2: Ball
2-2: Strikes out looking and he ARGUES THE CALL AND IS TOSSED!
Top of the 4th over - 0 runs, 1 hit, 0 errors, 0 left on base; Oceanside HS 3 - Brookline HS 1
BOTTOM OF THE 4TH
Brookline HS Warriors batting - Pitching for Oceanside HS Pirates : RHP Ernest Payne
Now in CF: Harris Townsend
Batting: RHB Travis Kramer 0-0: Bunted foul
0-1: Ball
1-1: Ground out 4-3 (Groundball, 34D)
Batting: RHB Raúl Rivera 0-0: Foul Ball, location: 2F
0-1: Ball
1-1: Swinging Strike
1-2: Strikes out swinging
Batting: RHB Ed Vega 0-0: Called Strike
0-1: Swinging Strike
0-2: Strikes out swinging
Bottom of the 4th over - 0 runs, 0 hits, 0 errors, 0 left on base; Oceanside HS 3 - Brookline HS 1
TOP OF THE 5TH
Oceanside HS Pirates batting - Pitching for Brookline HS Warriors : RHP Emílio Cruz
Batting: LHB Otis Campbell 0-0: Ball
1-0: Foul Ball, location: 2F
1-1: Called Strike
1-2: Foul Ball, location: 2F
1-2: Strikes out swinging
Batting: RHB Charles Collins 0-0: Ball
1-0: Ball
2-0: Ball
3-0: Base on Balls
Pitching: RHP Jack Jones
Batting: LHB Dylan Savill 0-0: Ball
1-0: Ball
2-0: Called Strike
2-1: Called Strike
2-2: Ball
3-2: Base on Balls
Charles Collins to second
Batting: RHB Tom Hanson 0-0: Called Strike
0-1: Called Strike
0-2: Ball
1-2: 3-RUN HOME RUN (Flyball, 7LD), Distance : 349 ft
Batting: RHB Heath Jones 0-0: Fly out, F7 (Flyball, 7)
Batting: RHB Shawn Mendoza 0-0: Called Strike
0-1: SINGLE (Line Drive, 7S)
Batting: RHB Vincent Lowe 0-0: Fly out, F9 (Flyball, 9LD)
Top of the 5th over - 3 runs, 2 hits, 0 errors, 1 left on base; Oceanside HS 6 - Brookline HS 1
BOTTOM OF THE 5TH
Brookline HS Warriors batting - Pitching for Oceanside HS Pirates : RHP Ernest Payne
Batting: RHB John Warren 0-0: SINGLE (Line Drive, 7S)
Batting: RHB León Colón 0-0: Ball
1-0: Called Strike
1-1: Swinging Strike
1-2: Strikes out swinging
Batting: LHB Lou Robinson 0-0: Ball
1-0: Ball
2-0: Grounds into double play, 3-6-3 (Groundball, 3)
Bottom of the 5th over - 0 runs, 1 hit, 0 errors, 0 left on base; Oceanside HS 6 - Brookline HS 1
TOP OF THE 6TH
Oceanside HS Pirates batting - Pitching for Brookline HS Warriors : RHP Jack Jones
Batting: RHB Ben Williams 0-0: Foul Ball, location: 2F
0-1: Ground out 5-3 (Groundball, 56)
Batting: SHB Harris Townsend 0-0: Foul Ball, location: 2F
0-1: Foul Ball, location: 2F
0-2: Strikes out looking
Batting: LHB Otis Campbell 0-0: Called Strike
0-1: Swinging Strike
0-2: Ball
1-2: Foul Ball, location: 2F
1-2: Strikes out swinging
Top of the 6th over - 0 runs, 0 hits, 0 errors, 0 left on base; Oceanside HS 6 - Brookline HS 1
BOTTOM OF THE 6TH
Brookline HS Warriors batting - Pitching for Oceanside HS Pirates : RHP Ernest Payne
Batting: RHB Michael Mossman 0-0: Ball
1-0: Foul Ball, location: 2F
1-1: Swinging Strike
1-2: SINGLE (Line Drive, 78S)
Batting: RHB Cole Gray 0-0: Called Strike
0-1: Called Strike
0-2: Strikes out swinging
Batting: RHB Gilbert Bentley 0-0: Ball
Michael Mossman steals 2nd base
1-0: Foul Ball, location: 2F
1-1: Ball
2-1: Ball
3-1: Fly out, F8 (Flyball, 8RS)
Batting: RHB Travis Kramer 0-0: Ball
1-0: Ball
2-0: Called Strike
2-1: Called Strike
2-2: Ball
3-2: Foul Ball, location: 2F
3-2: Fly out, F3 (Popup, 3SF)
Bottom of the 6th over - 0 runs, 1 hit, 0 errors, 1 left on base; Oceanside HS 6 - Brookline HS 1
TOP OF THE 7TH
Oceanside HS Pirates batting - Pitching for Brookline HS Warriors : RHP Jack Jones
Batting: RHB Charles Collins 0-0: Foul Ball, location: 2F
0-1: Ball
1-1: Ball
2-1: Ball
3-1: Swinging Strike
3-2: SOLO HOME RUN (Flyball, 7LD), Distance : 363 ft
Batting: LHB Dylan Savill 0-0: Ball
1-0: Foul Ball, location: 2F
1-1: Ball
2-1: Foul Ball, location: 2F
2-2: Reached on error, E5 (Groundball, 56)
Pitching: LHP Edgardo Sánchez
Batting: RHB Tom Hanson 0-0: DOUBLE (Line Drive, 9LM)
Dylan Savill to third
Runner from 3rd tries for Home, SAFE, no throw
Batting: RHB Heath Jones 0-0: Ground out 5-3 (Groundball, 56)
Batting: RHB Shawn Mendoza 0-0: Ball
1-0: Ball
2-0: Called Strike
2-1: SINGLE (Flyball, 8RS)
Tom Hanson to third
Runner from 3rd tries for Home, SAFE, throw made home
Shawn Mendoza to second
Batting: RHB Vincent Lowe 0-0: Called Strike
0-1: Swinging Strike
0-2: Strikes out swinging
Batting: RHB Ben Williams 0-0: Ground out 4-3 (Groundball, 4)
Top of the 7th over - 3 runs, 3 hits, 1 error, 1 left on base; Oceanside HS 9 - Brookline HS 1
BOTTOM OF THE 7TH
Brookline HS Warriors batting - Pitching for Oceanside HS Pirates : RHP Ernest Payne
Pitching: RHP Abraham Hayes
Batting: RHB Raúl Rivera 0-0: Called Strike
0-1: Ball
1-1: Foul Ball, location: 2F
1-2: SINGLE (Groundball, 6MD)
Batting: RHB Ed Vega 0-0: Called Strike
0-1: Fly out, F8 (Flyball, 8LD)
Batting: RHB John Warren 0-0: Called Strike
0-1: Called Strike
0-2: Ball
1-2: Foul Ball, location: 2F
1-2: Foul Ball, location: 2F
1-2: Foul Ball, location: 2F
1-2: Ball
2-2: Grounds into double play, 6-4-3 (Groundball, 6)
Bottom of the 7th over - 0 runs, 1 hit, 0 errors, 0 left on base; Oceanside HS 9 - Brookline HS 1
TOP OF THE 8TH
Oceanside HS Pirates batting - Pitching for Brookline HS Warriors : LHP Edgardo Sánchez
Batting: SHB Harris Townsend 0-0: Fly out, F8 (Flyball, 89M)
Batting: LHB Otis Campbell 0-0: Called Strike
0-1: Swinging Strike
0-2: Ball
1-2: Foul Ball, location: 2F
1-2: Strikes out looking
Batting: RHB Charles Collins 0-0: Called Strike
0-1: Foul Ball, location: 2F
0-2: SINGLE (Groundball, 6MD)
Batting: LHB Dylan Savill 0-0: Foul Ball, location: 2F
0-1: Called Strike
0-2: Fielders Choice at 2nd, 6-4 (Groundball, 6)
Top of the 8th over - 0 runs, 1 hit, 0 errors, 1 left on base; Oceanside HS 9 - Brookline HS 1
BOTTOM OF THE 8TH
Brookline HS Warriors batting - Pitching for Oceanside HS Pirates : RHP Abraham Hayes
Now at 3B: Francis Méndez
Batting: RHB León Colón 0-0: Called Strike
0-1: SOLO HOME RUN (Flyball, 7D), Distance : 391 ft
Pitching: RHP Roy Bryant
Batting: LHB Lou Robinson 0-0: Ball
1-0: Ground out 4-3 (Groundball, 4)
Batting: RHB Michael Mossman 0-0: Ball
1-0: Reached on error, E6 (Groundball, 56)
Batting: RHB Cole Gray 0-0: Ground out 4-3 (Groundball, 4S)
Michael Mossman to second
Batting: RHB Gilbert Bentley 0-0: Called Strike
0-1: Ball
1-1: SINGLE (Groundball, 6MS) (infield hit)
Michael Mossman to third
Batting: RHB Travis Kramer 0-0: Called Strike
0-1: Called Strike
0-2: Fly out, F7 (Flyball, 78S)
Bottom of the 8th over - 1 run, 2 hits, 1 error, 2 left on base; Oceanside HS 9 - Brookline HS 2
TOP OF THE 9TH
Oceanside HS Pirates batting - Pitching for Brookline HS Warriors : LHP Edgardo Sánchez
Batting: RHB Tom Hanson 0-0: Ball
1-0: Ball
2-0: Ball
3-0: Called Strike
3-1: Foul Ball, location: 2F
3-2: Base on Balls
Batting: RHB Heath Jones 0-0: Ball
1-0: Called Strike
1-1: Foul Ball, location: 2F
1-2: Foul Ball, location: 2F
1-2: Ball
2-2: SINGLE (Line Drive, 56D)
Tom Hanson to second
Batting: RHB Shawn Mendoza 0-0: Ball
1-0: Ball
2-0: Ball
3-0: Called Strike
3-1: Foul Ball, location: 2F
3-2: Fly out, F9 (Flyball, 89D)
Runner from 2nd tags up, SAFE at 3rd, no throw
Batting: RHB Vincent Lowe 0-0: SINGLE (Groundball, 6MD)
Tom Hanson scores
Heath Jones to second
Batting: RHB Ben Williams 0-0: Ball
1-0: Called Strike
1-1: Ball
2-1: Ball
3-1: Swinging Strike
3-2: Base on Balls
Heath Jones to third
Vincent Lowe to second
Pitching: RHP Alberto García
Batting: SHB Harris Townsend 0-0: Ball
1-0: Swinging Strike
1-1: Foul Ball, location: 2F
1-2: Ball
2-2: Ball
3-2: Base on Balls
Heath Jones scores
Vincent Lowe to third
Ben Williams to second
Batting: LHB Otis Campbell 0-0: Ball
Wild Pitch!
Vincent Lowe scores
Ben Williams to third
Harris Townsend to second
1-0: Called Strike
1-1: Foul Ball, location: 2F
1-2: Ball
2-2: Ball
Wild Pitch!
Ben Williams scores
Harris Townsend to third
3-2: Strikes out looking
Batting: RHB Francis Méndez 0-0: Called Strike
0-1: Swinging Strike
0-2: Foul Ball, location: 2F
0-2: Strikes out looking
Top of the 9th over - 4 runs, 2 hits, 0 errors, 1 left on base; Oceanside HS 13 - Brookline HS 2
BOTTOM OF THE 9TH
Brookline HS Warriors batting - Pitching for Oceanside HS Pirates : RHP Roy Bryant
Now at C: Sergio Arboledo
Batting: RHB Raúl Rivera 0-0: Ball
1-0: Ball
2-0: Fly out, F4 (Line Drive, 4M)
Batting: RHB Ed Vega 0-0: Ball
1-0: Ball
2-0: Ball
3-0: Called Strike
3-1: Reached on error, E5 (Groundball, 56)
Batting: RHB John Warren 0-0: Foul Ball, location: 2F
0-1: Ball
1-1: Foul Ball, location: 2F
1-2: Foul Ball, location: 2F
1-2: Ground out 1-3 (Groundball, P)
Ed Vega to third
Batting: RHB León Colón 0-0: Ball
1-0: Called Strike
1-1: Ball
2-1: Foul Ball, location: 2F
2-2: Ball
3-2: Foul Ball, location: 2F
3-2: Base on Balls
Batting: LHB Lou Robinson 0-0: Swinging Strike
0-1: Swinging Strike
0-2: Ball
1-2: Ball
2-2: Fly out, F3 (Popup, 34S)
Bottom of the 9th over - 0 runs, 0 hits, 1 error, 2 left on base; Oceanside HS 13 - Brookline HS 2
Saturday, December 16th, 2017 - OOTP Baseball 18.8 Build 76